 Dungeon Crawl Stone Soup version 0.25-a0-420-g1cc7eeb0d1 (webtiles) character file.

Game seed: 11345653671046746424, levelgen mode: deterministic

217 ChaosChampion the Sneak (level 5, -3/26 HPs)
             Began as a Spriggan Assassin on Jan 18, 2020.
             Splashed by Ijyb's acid (11 damage)
             ... on level 4 of the Dungeon.
             The game lasted 00:13:48 (3809 turns).

ChaosChampion the Sneak (Spriggan Assassin)         Turns: 3809, Time: 00:13:49

Health: -3/26      AC:  3    Str:  9    XL:     5   Next: 62%
Magic:  6/6        EV: 20    Int: 15    God:
Gold:   223        SH:  0    Dex: 17    Spells: 4/4 levels left

rFire    . . .     SeeInvis +   a - +3 dagger
rCold    + . .     Gourm    .   (shield restricted)
rNeg     . . .     Faith    .   b - +0 robe
rPois    .         Spirit   .   (helmet restricted)
rElec    .         Reflect  .   c - +0 cloak
rCorr    .         Harm     .   (gloves unavailable)
MR       .....                  (boots unavailable)
Stlth    ++++......             (no amulet)
HPRegen  0.08/turn              n - +3 ring of intelligence
MPRegen  0.10/turn              r - ring of protection from cold

@: very quick
A: very small, unfitting armour, claws 1, see invisible, clumsy 1, herbivore,
speed 3, slow metabolism 2, strong 1, evolution 1
a: no special abilities


You were on level 4 of the Dungeon.
You were hungry.

You visited 1 branch of the dungeon, and saw 4 of its levels.

You collected 223 gold pieces.

Inventory:

Hand Weapons
 a - a +3 dagger (weapon)
Missiles
 d - 22 poisoned darts (quivered)
 e - 2 curare-tipped darts
 u - 39 arrows
Armour
 b - a +0 robe (worn)
 c - a +0 cloak (worn)
Jewellery
 n - a +3 ring of intelligence (left claw)
 r - a ring of protection from cold (right claw)
Wands
 t - a wand of iceblast (10)
Scrolls
 g - a scroll of identify
 i - 3 scrolls of remove curse
 j - a scroll of enchant weapon
 k - 2 scrolls of amnesia
 m - a scroll of immolation
Potions
 h - 7 potions of curing
 l - a potion of magic {unknown}
 p - a potion of degeneration {unknown}
 q - a potion of heal wounds {unknown}
 s - 3 potions of flight
 v - a potion of lignification
Comestibles
 f - 5 rations


   Skills:
 + Level 2.3 Fighting
 * Level 3.9 Short Blades
 - Level 2.0 Throwing
 * Level 4.4 Dodging
 * Level 7.6 Stealth


You had 4 spell levels left.
You didn't know any spells.
Your spell library was empty.

Dungeon Overview and Level Annotations

Branches:
Dungeon (4/15)
 Temple: D:4-7

Altars:
Vehumet
Zin

Annotations:
D:4 Edmund, Ijyb


Innate Abilities, Weirdness & Mutations

You are very small and have problems with some larger weapons.
You are too small for most types of armour.
You have supernaturally acute eyesight. (SInv)
You are a herbivore.
You cover ground extremely quickly.
You need to consume almost no food.
You have sharp fingernails.
You are clumsy. (Dex -2)
Your muscles are strong. (Str +2)
You evolve.


Message History

Edmund shouts!
You closely miss Ijyb. Ijyb closely misses you.
You closely miss Ijyb. Ijyb completely misses you.
You hit Ijyb.
Ijyb is lightly wounded.
Ijyb hits you with a +0 club.
You closely miss Ijyb.
Ijyb is lightly wounded.
You completely miss Ijyb.
Ijyb is lightly wounded.
Ijyb hits you with a +0 club.
You hit Ijyb but do no damage.
Ijyb is lightly wounded.
Ijyb misses you.
You hit Ijyb but do no damage.
Ijyb is lightly wounded.
Ijyb zaps a wand.
The bolt of acid misses you. Ijyb barely misses you.
Ijyb zaps a wand.
The bolt of acid hits you!
You are splashed with acid!
You die...

##.## #...###
#.#..<#
#...#.# ## .#
#####.# .#
..# #.#
.##..#
#.##.#....
#.......#
#.@.....#
#...>...##
#.........
#@g......#
##.##.#...##
#...#.#.....
#..#.........
#....#.......
#....#.#.###.


You could see Edmund and Ijyb.

Vanquished Creatures
  A hound (D:3)
  Jessica (D:2)
  A worker ant (D:4)
  5 adders
  An ooze (D:2)
  5 worms
  2 dart slugs (D:1)
  4 leopard geckos
  7 orcs
  2 giant cockroaches
  6 goblins
  6 hobgoblins
  A quokka (D:2)
  2 ball pythons
  8 bats
  4 frilled lizards
  7 kobolds
  5 rats
68 creatures vanquished.

Notes
Turn   | Place    | Note
-------+----------+-------------------------------------------
     0 | D:1      | ChaosChampion the Spriggan Assassin began the quest for the
                  | Orb.
     0 | D:1      | Reached XP level 1. HP: 10/10 MP: 2/2
    93 | D:1      | Reached skill level 6 in Stealth
   185 | D:1      | Reached XP level 2. HP: 9/14 MP: 3/3
   970 | D:2      | Reached XP level 3. HP: 16/18 MP: 4/4
  1008 | D:2      | Noticed Jessica
  1311 | D:2      | Killed Jessica
  1311 | D:2      | Reached XP level 4. HP: 19/23 MP: 5/5
  1762 | D:2      | Reached skill level 7 in Stealth
  2690 | D:3      | Reached XP level 5. HP: 15/26 MP: 6/6
  2871 | D:3      | Found a radiant altar of Vehumet.
  2982 | D:3      | Found a glowing silver altar of Zin.
  3687 | D:4      | Gained mutation: Your body sometimes deteriorates upon
                  | taking damage. [potion of mutation]
  3687 | D:4      | Gained mutation: You have an increased reservoir of magic.
                  | (+10% MP) [potion of mutation]
  3688 | D:4      | Lost mutation: Your body sometimes deteriorates upon taking
                  | damage. [potion of mutation]
  3688 | D:4      | Lost mutation: You have an increased reservoir of magic.
                  | (+10% MP) [potion of mutation]
  3688 | D:4      | Gained mutation: You have sharp fingernails. [potion of
                  | mutation]
  3688 | D:4      | Gained mutation: You are clumsy. (Dex -2) [potion of
                  | mutation]
  3688 | D:4      | Gained mutation: Your muscles are strong. (Str +2) [potion
                  | of mutation]
  3688 | D:4      | Gained mutation: You evolve. [potion of mutation]
  3786 | D:4      | Noticed Ijyb
  3796 | D:4      | Noticed Edmund
  3809 | D:4      | Splashed by Ijyb's acid

Levels and vault maps discovered:
D:1:      evilmike_arrival_run_for_it, layout_loops_ring, kennysheep_boxes
D:2:      layout_basic, first_ration, grunt_ministairs_12, chequers_arboretum,
          uniq_jessica
D:3:      layout_loops_ring, old_standard_altar, vehumet_crystals,
          minmay_misc_feat_four_crosses
D:4:      layout_loops_ring, temple_green, ebering_ghost_gozag,
          minmay_pentomino_pile, uniq_edmund, uniq_ijyb

Skill      XL: |  1  2  3  4 |
---------------+-------------+-----
Stealth        | 6 7 |  7.6
Dodging        | 2 3 4 |  4.4
Fighting       | 2 |  2.3
Short Blades   | 3 |  3.9
Throwing       | |  2.0

Action                   |  1- 3 |  4- 6 || total
-------------------------+-------+-------++-------
Melee: Dagger            |   115 |   246 ||   361
  Use: Potion            |       |     3 ||     3
       Scroll            |       |     9 ||     9
 Stab: Sleeping          |     9 |     7 ||    16
       Distracted        |       |     4 ||     4
Armor: Robe              |    16 |    23 ||    39
Dodge: Dodged            |    68 |   188 ||   256

Table legend:
 A = Non-vault XP
 B = Vault XP
 C = Vault XP percentage of total XP
 D = Non-vault monster count
 E = Vault monster count
 F = Vault count percentage of total count
                 A         B        C        D         E       F
            +---------+---------+-------+---------+---------+-------
      Total |     266 |      45 |  14.5 |      64 |       4 |   5.9
            +---------+---------+-------+---------+---------+-------
        D:1 |      33 |       5 |  13.2 |      18 |       1 |   5.3
        D:2 |      94 |      40 |  29.9 |      22 |       3 |  12.0
        D:3 |     100 |       0 |   0.0 |      22 |       0 |   0.0
        D:4 |      39 |       0 |   0.0 |       2 |       0 |   0.0
            +---------+---------+-------+---------+---------+-------
